 Dungeon Crawl Stone Soup version 0.30.1-11-g7821555f0a (webtiles) character file.

Game seed: 12711681121829225316

29 Aviaq the Shooter (level 3, 2/27 HPs)
             Began as a Human Hunter on Dec 2, 2023.
             Quit the game on level 3 of the Dungeon.
             The game lasted 00:02:37 (451 turns).

Aviaq the Shooter (Human Hunter)                     Turns: 451, Time: 00:02:38

Health: 2/27       AC:  4    Str: 11    XL:     3   Next: 32%
Magic:  3/3        EV: 12    Int: 11    God:
Gold:   35         SH:  0    Dex: 16    Spells: 2/2 levels left

rFire   . . .        e - +0 short sword
rCold   . . .        (no shield)
rNeg    . . .        c - +1 leather armour
rPois   .            (no helmet)
rElec   .            (no cloak)
rCorr   .            (no gloves)
SInv    .            (no boots)
Will    .....        (no amulet)
Stlth   ++           (no ring)
HPRegen 0.24/turn    (no ring)
MPRegen 0.08/turn

%: no passive effects
@: lethally poisoned (2 -> -20), hasted, very quick
A: no striking features
a: no special abilities


You were on level 3 of the Dungeon.
You visited 1 branch of the dungeon, and saw 3 of its levels.

You collected 35 gold pieces.

Inventory:

Hand Weapons
 a - a +0 shortbow
 e - a +0 short sword (weapon)
Armour
 c - a +1 leather armour (worn)
Scrolls
 b - a scroll of immolation


   Skills:
 * Level 2.0 Fighting
 * Level 4.6 Ranged Weapons
 * Level 0.5 Armour
 * Level 2.0 Dodging
 * Level 1.4 Stealth


You had 2 spell levels left.
You didn't know any spells.
Your spell library contained the following spells:

 Spells                   Type           Power      Damage    Failure   Level
 Gell's Gravitas          Tloc           0%         N/A       80%         3
 Teleport Other           Tloc           0%         N/A       80%         3
 Dispersal                Tloc           0%         N/A       100%        6


Dungeon Overview and Level Annotations

Branches:
Dungeon (3/15)

Altars:

Shops:
D:1 (


Message History

You feel better. The scorpion barely misses you.
It was a potion of heal wounds.
You feel much better. The scorpion stings you.
You barely miss the scorpion.
The scorpion is heavily wounded.
The scorpion stings you.
You are poisoned.
The scorpion poisons you!
You hit the scorpion but do no damage.
The scorpion is heavily wounded.
You feel sick. The scorpion closely misses you.
You barely miss the scorpion.
The scorpion is heavily wounded.
You feel sick. The scorpion barely misses you.
You hit the scorpion.
The scorpion is heavily wounded.
You feel sick. The scorpion closely misses you.
You closely miss the scorpion.
The scorpion is heavily wounded.
You feel sick.
You closely miss the scorpion.
The scorpion is heavily wounded.
You feel sick. The scorpion stings you.
You are lethally poisoned!
The scorpion poisons you!
You hit the scorpion but do no damage.
The scorpion is heavily wounded.
* * * LOW HITPOINT WARNING * * *
You feel very sick. The scorpion stings you.
* * * LOW HITPOINT WARNING * * *
You are more poisoned.
The scorpion poisons you!
Okay, then.
You barely miss the scorpion.
The scorpion is heavily wounded.
* * * LOW HITPOINT WARNING * * *
You feel very sick. The scorpion closely misses you.
Autopickup is now off.
Are you sure you want to abandon this character and quit the game? (Confirm with "yes".)

##......#
........#
....##### ....#
....########
....'......#
#####
....######.#
#...# ....# #...#
#...# ....#
#.######.@.#.#
#.###
#......'.s...#
#.#
########.........
#.. +....#####
### #....# ##+#.#
.# !#


You could see a scorpion.

Vanquished Creatures
  A worm (D:2)
  3 bats
  An endoplasm (D:3)
  A hobgoblin (D:1)
  3 jackals (D:2)
  3 kobolds (D:1)
  4 quokkas (D:1)
  3 ball pythons
  A frilled lizard (D:1)
  A goblin (D:1)
  4 rats
25 creatures vanquished.

Notes
Turn   | Place    | Note
-------+----------+-------------------------------------------
     0 | D:1      | Aviaq the Human Hunter began the quest for the Orb.
     0 | D:1      | Reached XP level 1. HP: 16/16 MP: 1/1
   101 | D:1      | Reached XP level 2. HP: 22/22 MP: 2/2
   125 | D:1      | Found Ympug's Weapon Emporium.
   228 | D:2      | Reached XP level 3. HP: 24/27 MP: 3/3
   417 | D:3      | Noticed a scorpion
   451 | D:3      | Quit the game

Illustrated notes

Levels and vault maps discovered:
D:1:      minmay_arrival_plants_in_alcoves, layout_rooms, serial_shops, shop
D:2:      layout_loops_ring, basic_altar, kennysheep_nub,
          minmay_misc_feat_secret_circle
D:3:      layout_basic

Action                     || total
---------------------------++-------
  Melee: Short sword       ||    38
         Punch             ||     1
   Fire: Shortbow          ||    51
    Use: Potion            ||     4
         Scroll            ||     1
 Armour: Leather armour    ||     9
  Dodge: Dodged            ||    29
